 Dungeon Crawl Stone Soup version 0.23.2-33-g5129a83184 (webtiles) character file.

Game seed: 6431341788837384061

2198 DildoBatman the Conjurer (level 9, -13/63 HPs)
             Began as a Formicid Wizard on July 4, 2019.
             Was a Follower of Kikubaaqudgha.
             Hit by a large rock thrown by a cyclops (46 damage)
             ... on level 9 of the Dungeon.
             The game lasted 00:21:09 (5280 turns).

DildoBatman the Conjurer (Formicid Wizard)          Turns: 5280, Time: 00:21:10

Health: -13/63     AC:  8    Str: 12    XL:     9   Next: 60%
Magic:  13/24      EV: 12    Int: 21    God:    Kikubaaqudgha [*.....]
Gold:   263        SH:  0    Dex:  9    Spells: 4/16 levels left

rFire    . . .     SeeInvis +   a - +1 halberd (chop)
rCold    . . .     Gourm    .   (no shield)
rNeg     . . .     Faith    .   p - +0 troll leather armour {Purgy}
rPois    .         Spirit   .   (helmet unavailable)
rElec    .         Reflect  .   E - +2 cloak
rCorr    .         Harm     .   (no gloves)
MR       .....                  A - +0 pair of boots
Stlth    +++.......             r - amulet of regeneration
HPRegen  1.00/turn              F - ring of magical power
MPRegen  0.19/turn              i - ring of stealth

@: very slightly contaminated
A: permanent stasis, dig shafts and tunnels, four strong arms, antennae 3
a: Dig, Shaft Self, Receive Corpses, Renounce Religion


You were on level 9 of the Dungeon.
You worshipped Kikubaaqudgha.
Kikubaaqudgha was aware of your devotion.
You were not hungry.

You visited 2 branches of the dungeon, and saw 8 of its levels.
You also visited: Sewer.

You collected 263 gold pieces.

Inventory:

Hand Weapons
 a - a +1 halberd of chopping (weapon)
Missiles
 b - 16 poisoned needles
 e - 9 bolts
 h - 123 stones (quivered)
 q - 41 sling bullets
 D - 7 arrows
 H - 2 throwing nets
Armour
 p - a +0 troll leather armour (worn) {Purgy}
 A - a +0 pair of boots (worn)
 E - a +2 cloak (worn)
Jewellery
 i - a ring of stealth (right hand)
 r - an amulet of regeneration (around neck)
 F - a ring of magical power (left hand)
Wands
 j - a wand of flame (38)
 u - a wand of paralysis (6)
 w - a wand of iceblast (9)
Scrolls
 k - 3 scrolls of fear {unknown}
 l - 2 scrolls of fog {unknown}
 o - 2 scrolls of enchant weapon
 s - a scroll of amnesia {unknown}
 t - 3 scrolls of enchant armour {unknown}
 x - 4 scrolls of remove curse
 y - a scroll of immolation {unknown}
 z - 3 scrolls of identify
 C - a scroll of magic mapping
Potions
 c - 3 potions of might
 d - 3 potions of agility {unknown}
 f - 4 potions of heal wounds {unknown}
 g - a potion of brilliance {unknown}
 m - a potion of mutation {unknown}
 n - 6 potions of curing
 G - a potion of flight
Comestibles
 v - 12 rations


   Skills:
 * Level 3.0 Fighting
 * Level 1.6(1.8) Polearms
   Level 1.0(1.4) Staves
 * Level 3.1 Armour
 - Level 3.1 Dodging
 * Level 4.6 Stealth
 - Level 4.0 Spellcasting
 - Level 6.0 Conjurations
 * Level 2.4 Charms
   Level 1.0 Summonings
 * Level 2.7 Necromancy
   Level 0.8 Translocations
 * Level 3.2 Fire Magic
 * Level 2.6 Air Magic
 * Level 4.2 Poison Magic


You had 4 spell levels left.
You knew the following spells:

 Your Spells              Type           Power        Failure   Level  Hunger
a - Conjure Flame         Conj/Fire      ###.....     7%          3    ###....
c - Magic Dart            Conj           ####         1%          1    None
d - Regeneration          Chrm/Necr      ###.......   16%         3    ###....
e - Mephitic Cloud        Conj/Pois/Air  ###.....     8%          3    ###....
z - Sublimation of Blood  Necr           ###.......   8%          2    #......

Your spell library contained the following spells:

 Spells                   Type           Power        Failure   Level  Hunger
 Pain                     Necr           ###.         4%          1    None
 Corpse Rot               Necr           N/A          8%          2    #......
 Call Imp                 Summ           #.......     16%         2    #......
 Slow                     Hex            #.......     22%         2    #......
 Blink                    Tloc           Unusable     N/A         2    N/A

Dungeon Overview and Level Annotations

Branches:
Dungeon (6/15)             Temple (1/1) D:4

Altars:
Ashenzari
Cheibriados
Dithmenos
Elyvilon
Fedhas
Gozag
Hepliaklqana
Kikubaaqudgha
Makhleb
Nemelex Xobeh
Okawaru
Qazlal
Ru
Sif Muna
Trog
Uskayaw
Vehumet
Wu Jian
Xom
Yredelemnul
Zin
The Shining One

Shops:
D:5 ?

Annotations:
D:4 1 runed translucent door, PeSeC's ghost, novice MiFi


Innate Abilities, Weirdness & Mutations

You cannot be hasted, slowed, berserked, paralysed or teleported.
You can dig through walls and to a lower floor.
Your four strong arms can wield two-handed weapons with a shield.
You have a pair of large antennae on your head. (SInv)


Message History

Aim: a cyclops You miscast Mephitic Cloud.
You are very lightly contaminated with residual magic.
You hear a crackling sound.
The cyclops throws a large rock.
The large rock hits you!!
Casting: Mephitic Cloud (safe; 8% risk of failure)
Confirm with . or Enter, or press ? or * to list all spells.
Aiming: Mephitic Cloud (safe; 8% risk of failure)
Press: ? - help, Shift-Dir - straight line, f/p - cyclops
Aim: a cyclops The ball explodes into a vile cloud!
The stinking cloud engulfs the cyclops but does no damage.
You hear an angry hiss.
The cyclops is engulfed in noxious fumes.
The cyclops throws a large rock.
The large rock hits you!!!
Ouch! That really hurt!
You die...
Kikubaaqudgha rasps: "You have failed me!
Welcome... death!"

######### ##.......#
#........# ###
##...####.#####<##
#########.....###.#....#.##
...............>°°......#.#
#########.☼☼..@°°.####...##
##.C#####.# ##.## #(.# #.#
###.### #.)#####.###.....#
##.........##.#.#...#
#.................#....
#.>.##...C..............
#....######..............
+..... ##.####F......###


You could see a cyclops.

Vanquished Creatures
  A deep elf mage (D:9)
  3 sky beasts
  Purgy (Sewer)
  An orc warrior (D:6)
  A phantom (D:9)
  2 necrophages (D:6)
  2 ogres
  2 bullfrogs (D:9)
  A scorpion (D:4)
  2 howler monkeys (D:4)
  2 bullfrog zombies (D:5)
  2 orc priests
  2 hounds (D:4)
  A bullfrog skeleton (D:5)
  An iguana (D:4)
  3 orc wizards
  5 worker ants
  A hound skeleton (D:4)
  4 gnolls (D:6)
  6 adders
  An ooze (D:1)
  2 worms
  6 dart slugs
  A leopard gecko (D:5)
  23 orcs
  2 ball pythons
  A giant cockroach (D:3)
  4 goblins
  6 hobgoblins
  3 jackals (D:1)
  4 kobolds
  6 quokkas
  5 bats
  8 frilled lizards
  7 rats
122 creatures vanquished.

Vanquished Creatures (others)
  A jelly (D:4)
1 creature vanquished.

Grand Total: 123 creatures vanquished

Notes
Turn   | Place    | Note
-------+----------+-------------------------------------------
     0 | D:1      | DildoBatman the Formicid Wizard began the quest for the
                  | Orb.
     0 | D:1      | Reached XP level 1. HP: 13/13 MP: 4/4
    31 | D:1      | Found an iron altar of Okawaru.
    39 | D:1      | Reached skill level 1 in Conjurations
   241 | D:1      | Reached XP level 2. HP: 5/19 MP: 0/6
   329 | D:1      | Reached skill level 2 in Conjurations
   586 | D:1      | Reached XP level 3. HP: 10/24 MP: 0/7
   591 | D:1      | Learned a level 3 spell: Conjure Flame
   595 | D:1      | Learned a level 3 spell: Mephitic Cloud
  1381 | D:2      | Reached skill level 3 in Conjurations
  1603 | D:3      | Reached XP level 4. HP: 30/30 MP: 1/8
  1873 | D:3      | Reached skill level 4 in Conjurations
  1873 | D:3      | Reached XP level 5. HP: 16/35 MP: 0/9
  2455 | D:4      | Found a staircase to the Ecumenical Temple.
  2465 | Temple   | Entered the Ecumenical Temple
  2487 | Temple   | Became a worshipper of Kikubaaqudgha
  2522 | D:4      | Noticed an ogre
  2773 | D:4      | Killed an ogre
  2773 | D:4      | Reached skill level 5 in Conjurations
  2773 | D:4      | Reached XP level 6. HP: 29/41 MP: 3/10
  2811 | D:4      | Found a glowing drain.
  2822 | Sewer    | Entered a sewer
  2912 | Sewer    | Noticed Purgy
  3063 | Sewer    | Killed Purgy
  3063 | Sewer    | Reached skill level 1 in Poison Magic
  3063 | Sewer    | Reached XP level 7. HP: 35/46 MP: 5/12
  3382 | D:4      | Reached skill level 1 in Fire Magic
  3386 | D:4      | Reached skill level 6 in Conjurations
  3564 | D:4      | Found a runed translucent door.
  3564 | D:4      | Noticed PeSeC's ghost (novice MiFi)
  3566 | D:4      | Reached skill level 1 in Air Magic
  3620 | D:4      | Found a stormy altar of Qazlal.
  3871 | D:5      | Entered Level 5 of the Dungeon
  3944 | D:5      | Reached XP level 8. HP: 49/53 MP: 3/13
  3960 | D:5      | Found Entilaad's Magic Scroll Shop.
  4082 | D:5      | Reached skill level 1 in Fighting
  4082 | D:5      | Reached skill level 1 in Staves
  4082 | D:5      | Reached skill level 1 in Armour
  4086 | D:5      | Reached skill level 1 in Necromancy
  4154 | D:4      | Reached * piety under Kikubaaqudgha
  4154 | D:4      | Identified Kikubaaqudgha's Volume of Unholy Arts
                  | (Kikubaaqudgha gifted it to you on level 4 of the Dungeon)
  4154 | D:4      | Received a gift from Kikubaaqudgha
  4167 | D:4      | Learned a level 3 spell: Regeneration
  4170 | D:4      | Learned a level 2 spell: Sublimation of Blood
  4269 | D:5      | Reached skill level 1 in Charms
  4499 | D:5      | Found a burning altar of Makhleb.
  4499 | D:5      | Noticed an Executioner
  4502 | D:5      | Noticed a ynoxinul
  4502 | D:5      | Noticed a hellwing
  4846 | D:6      | Found a sacrificial altar of Ru.
  4979 | D:6      | Reached XP level 9. HP: 62/62 MP: 15/15
  5160 | D:6      | You fall through a shaft for 3 floors!
  5207 | D:9      | Reached skill level 1 in Polearms
  5228 | D:9      | Noticed a deep elf mage
  5235 | D:9      | Noticed a cyclops
  5255 | D:9      | Killed a deep elf mage
  5280 | D:9      | Hit by a large rock thrown by a cyclops

Skill      XL: |  1  2  3  4  5  6  7  8  9 |
---------------+----------------------------+-----
Conjurations   | 1 2 3 4 5 6 |  6.0
Poison Magic   | 1 2 3 4 |  4.2
Fire Magic     | 1 2 3 |  3.2
Air Magic      | 1 2 |  2.6
Dodging        | 2 3 |  3.1
Fighting       | 2 3 |  3.0
Staves         | 1 |  1.0
Armour         | 2 3 |  3.1
Stealth        | 4 |  4.6
Spellcasting   | 4 |  4.0
Necromancy     | 2 |  2.7
Charms         | 1 2 |  2.4
Polearms       | 1 |  1.6
Summonings     | |  1.0
Translocations | |  0.8

Action                   |  1- 3 |  4- 6 |  7- 9 || total
-------------------------+-------+-------+-------++-------
Melee: Unarmed           |     7 |       |       ||     7
       Club              |     8 |       |       ||     8
       Short sword       |     8 |    52 |    32 ||    92
       Quarterstaff      |       |       |   174 ||   174
       Halberd           |       |       |    50 ||    50
Throw: Stone             |     4 |     5 |       ||     9
 Cast: Magic Dart        |    93 |    75 |    42 ||   210
       Mephitic Cloud    |       |     6 |    22 ||    28
       Conjure Flame     |       |     1 |     8 ||     9
       Regeneration      |       |       |     1 ||     1
 Abil: Dig               |       |     5 |     8 ||    13
  Use: Scroll            |       |     7 |     1 ||     8
       Potion            |       |     2 |     3 ||     5
 Stab: Sleeping          |     1 |       |     2 ||     3
       Confused          |       |     1 |    10 ||    11
  Eat: Chunk             |     2 |     6 |    13 ||    21
Armor: Robe              |     3 |    28 |       ||    31
       Troll leather arm |       |       |   136 ||   136
Dodge: Dodged            |    18 |    40 |   187 ||   245
